 Dungeon Crawl Stone Soup version 0.29.1-2-gbd0b4ee654 (webtiles) character file.

Game seed: 2937205439986932485

119 Arcadio the Insei (level 5, -5/35 HPs)
             Began as an Octopode Transmuter on Nov 16, 2022.
             Slain by Ijyb
             ... wielding a +0 dagger
              (8 damage)
             ... on level 2 of the Dungeon.
             The game lasted 00:17:03 (3012 turns).

Arcadio the Insei (Octopode Transmuter)             Turns: 3012, Time: 00:17:04

Health: -5/35      AC:  1    Str:  9    XL:     5   Next: 3%
Magic:  7/9        EV: 17    Int: 18    God:
Gold:   132        SH:  0    Dex: 12    Spells: 3/9 levels left

rFire   + . .      SeeInvis .     - Unarmed
rCold   . . .      Faith    .   (no shield)
rNeg    . . .      Spirit   .   (helmet restricted)
rPois   .          Reflect  .   (no amulet)
rElec   .          Harm     .   s - +4 ring of evasion
rCorr   .          Rampage  .   a - ring of protection from fire
Will    .....                   (no ring)
Stlth   ++........              (no ring)
HPRegen 0.11/turn               (no ring)
MPRegen 0.11/turn               (no ring)
                                (no ring)
                                (no ring)

@: no status effects
A: almost no armour, amphibious, 8 rings, camouflage 1, gelatinous body 1,
(nimble swimmer 1), tentacles
a: no special abilities


You were on level 2 of the Dungeon.
You visited 1 branch of the dungeon, and saw 3 of its levels.

You collected 132 gold pieces.

Inventory:

Hand Weapons
 d - a +0 mace
Jewellery
 a - a ring of protection from fire (right tentacle)
 m - an amulet of guardian spirit
 s - a +4 ring of evasion (left tentacle)
Scrolls
 f - a scroll of fog {unknown}
 i - a scroll of identify {unknown}
 k - a scroll of magic mapping {unknown}
 l - a scroll of brand weapon {unknown}
 n - a scroll of amnesia {unknown}
 q - a scroll of enchant armour {unknown}
 r - a scroll of teleportation {unknown}
Potions
 b - 2 potions of heal wounds {unknown}
 c - 2 potions of cancellation {unknown}
 e - 2 potions of ambrosia {unknown}
 g - 4 potions of mutation {unknown}
 h - a potion of berserk rage
 j - a potion of curing {unknown}
 o - a potion of flight {unknown}
 p - a potion of haste {unknown}


   Skills:
 + Level 2.3 Fighting
 + Level 3.0 Dodging
 - Level 3.0 Unarmed Combat
 + Level 2.8 Spellcasting
 + Level 3.0 Transmutations


You had 3 spell levels left.
You knew the following spells:

 Your Spells              Type           Power      Damage    Failure   Level
a - Beastly Appendage     Tmut           26%        N/A       4%          1
b - Wereblood             Tmut           13%        N/A       7%          2
c - Spider Form           Tmut/Pois      8%         N/A       26%         3

Your spell library contained the following spells:

 Spells                   Type           Power      Damage    Failure   Level
 Ice Form                 Ice/Tmut       8%         N/A       65%         4


Dungeon Overview and Level Annotations

Branches:
Dungeon (3/15) Zot: 14995

Altars:

Annotations:
D:2 Ijyb


Innate Abilities, Weirdness & Mutations

You cannot wear most types of armour.
You are amphibious.
You can wear up to eight rings at the same time.
Your skin changes colour to match your surroundings (Stealth+).
Your rubbery body absorbs attacks. (AC +1, EV +1)
((You are camouflaged when in or above water. (Stealth+)))
You have tentacles for arms and can constrict up to eight enemies at once.


Message History

Ijyb attacks as you move away! Ijyb barely misses you.
Ijyb hits you with a +0 dagger. Ijyb completely misses you.
Ijyb attacks as you move away! Ijyb hits you with a +0 dagger. Ijyb misses you.
Ijyb attacks as you move away! Ijyb closely misses you.
Your transformation is almost over.
Ijyb hits you with a +0 dagger. Ijyb closely misses you.
There is a stone staircase leading up here.
Ijyb closely misses you.
You climb upwards.
There is a stone staircase leading down here.
You hit Ijyb.
Ijyb is lightly wounded.
Ijyb completely misses you.
You closely miss Ijyb.
Ijyb is lightly wounded.
Ijyb misses you. Ijyb completely misses you.
You hit Ijyb.
Ijyb is poisoned.
Ijyb is lightly wounded.
Ijyb completely misses you.
You barely miss Ijyb.
Ijyb is lightly wounded.
Your transformation has ended.
Ijyb hits you with a +0 dagger!
* * * LOW HITPOINT WARNING * * *
Ijyb hits you with a +0 dagger.
* * * LOW HITPOINT WARNING * * *
Okay, then.
Okay, then.
You start putting on your amulet.
You continue putting on your amulet of guardian spirit.
Ijyb hits you with a +0 dagger!
Keep equipping yourself? [Y]es or [N]o only, please.
Keep equipping yourself? [Y]es or [N]o only, please.
Keep equipping yourself?
You stop putting on your amulet.
You die...

####### #.....#
#.....#####
##.....##...
#...)...#.##
#.......#.#.
#######.........#.
#@................
#.g.###.########..
#.#.###.# #####..
#.......# #......
#####..## #.#....
##.#####.#.###
#............
######....###
#†.####.


You could see Ijyb (berserk, very poisoned).

Vanquished Creatures
  Robin (D:2)
  4 adders
  2 dart slugs
  2 ball pythons
  5 endoplasms
  3 giant cockroaches
  14 goblins
  4 hobgoblins
  5 jackals
  2 quokkas
  6 bats
  4 frilled lizards
  6 kobolds
  7 rats
65 creatures vanquished.

Notes
Turn   | Place    | Note
-------+----------+-------------------------------------------
     0 | D:1      | Arcadio the Octopode Transmuter began the quest for the
                  | Orb.
     0 | D:1      | Reached XP level 1. HP: 13/13 MP: 3/3
   112 | D:1      | Reached XP level 2. HP: 17/18 MP: 3/5
   118 | D:1      | Learned a level 2 spell: Wereblood
   177 | D:1      | Found a faded altar of an unknown god.
   767 | D:1      | Reached XP level 3. HP: 23/23 MP: 4/6
  1365 | D:2      | Noticed Robin
  1396 | D:2      | Killed Robin
  1600 | D:2      | Reached XP level 4. HP: 27/29 MP: 5/7
  2182 | D:2      | Learned a level 3 spell: Spider Form
  2751 | D:3      | Reached XP level 5. HP: 9/34 MP: 9/9
  2991 | D:3      | Noticed Ijyb
  3012 | D:2      | Slain by Ijyb

Illustrated notes

Levels and vault maps discovered:
D:1:      shiori_shiawase, layout_loops_ring,
          ebering_ecumenical_altar_sacrificial
D:2:      layout_basic, uniq_robin
D:3:      layout_rooms, portal_sewer_entry_d, minmay_fractal_squares_5,
          uniq_ijyb

Skill      XL: |  1  2  3  4 |
---------------+-------------+-----
Fighting       | 2 |  2.3
Transmutations | 3 |  3.0
Dodging        | 3 |  3.0
Unarmed Combat | |  3.0
Spellcasting   | |  2.8

Action                   |  1- 3 |  4- 6 || total
-------------------------+-------+-------++-------
Melee: Unarmed           |    76 |    65 ||   141
       Tentacles         |    14 |     5 ||    19
       Constrict         |    19 |    10 ||    29
       Kick              |    22 |    17 ||    39
       Punch             |     1 |       ||     1
 Cast: Beastly Appendage |    26 |    14 ||    40
       Wereblood         |     1 |     1 ||     2
       Spider Form       |       |     1 ||     1
  Use: Potion            |       |     1 ||     1
 Stab: Sleeping          |     7 |     4 ||    11
       Distracted        |     1 |       ||     1
Armor: Skin              |     9 |    13 ||    22
Dodge: Dodged            |    43 |    46 ||    89
